[Event "Late-Titled-Tuesday-Blitz-January-23-2024"]
[Site "Chess.com"]
[Date "2024.01.23"]
[Round "1"]
[White "dcremisi"]
[Black "egnfanclub"]
[Result "1/2-1/2"]
[WhiteElo "2653"]
[BlackElo "2360"]
[TimeControl "180+1"]
[EndTime "14:07:31 PST"]
[Termination "Game drawn by repetition"]

1. d4 d5 2. c4 c6 3. Nc3 Nf6 4. e3 e6 5. Nf3 Nbd7 6. Qc2 Bb4 7. Bd3 dxc4 8. Bxc4 b5 9. Bd3 Bb7 10. O-O a6 11. e4 c5 12. a3 Ba5 13. dxc5 Nxc5 14. Rd1 Nxd3 15. Rxd3 Qc7 16. b4 Bb6 17. Qe2 Ng4 18. Be3 Nxe3 19. fxe3 O-O 20. Rad1 Rfd8 21. Nd4 h6 22. Qg4 Qe7 23. Nce2 Qg5 24. Qf3 Qe5 25. Ng3 f5 26. Qh5 Bxe4 27. Nxe4 Qxe4 28. Qg6 Rd6 29. Kh1 Rad8 30. h3 Bxd4 31. Rxd4 Rxd4 32. Rxd4 Rxd4 33. exd4 Qd5 34. h4 f4 35. h5 e5 36. Qe8+ Kh7 37. dxe5 f3 38. Qg6+ Kg8 39. Qe8+ Kh7 40. Qg6+ Kg8 41.
gxf3 Qxf3+ 42. Kg1 Qe3+ 43. Kg2 Qe2+ 44. Kh3 Qf3+ 45.
Qg3 Qxh5+ 46. Kg2 Qe2+ 47. Kh3 Qh5+ 48. Kg2 Qe2+ 49. Kh3 Qh5+ 1/2-1/2

[Event "Late-Titled-Tuesday-Blitz-January-23-2024"]
[Site "Chess.com"]
[Date "2024.01.23"]
[Round "1"]
[White "greekplayer1"]
[Black "falzehope0"]
[Result "1-0"]
[WhiteElo "2705"]
[BlackElo "2394"]
[TimeControl "180+1"]
[EndTime "14:07:32 PST"]
[Termination "greekplayer1 won by checkmate"]

1. e4 d5 2. exd5 Nf6 3. Nc3 g6 4. d4 Bg7 5. Nf3 O-O 6. Bc4 Nbd7 7. O-O Nb6 8. Bb3 Nbxd5 9. Nxd5 Nxd5 10. c4 Nb4 11. a3 Na6 12. h3 c6 13. Re1 Qc7 14. Qe2 e6 15. Bd2 Qb6 16. Bc2 Qxb2 17. Bd3 Qb6 18. c5 Qc7 19. Qe4 Qd7 20. Qh4 Re8 21.
Bh6 Bh8 22. Rad1 Nc7 23. Be4 Nd5 24. Ng5 Nf6 25. Nf3 Nxe4 26. Rxe4 f6 27. Rde1 Qf7 28.
Bd2 Bg7 29. a4 b6 30. a5 b5 31. Bb4 a6 32. Rf4 g5 33. Nxg5 fxg5 34. Qxg5 Qg6 35. Qh4 Kh8 36. Rg4 Qf6 37. Qg3 Rg8 38. d5 e5 39. Rg5 cxd5 40. Rexe5 d4 41. c6 Be6 42. Bc5 Rad8 43. c7 Rd7 44. Qd3 Bc4 45.
Qd2 Qxe5 46. Rxe5 Bxe5 47. Qh6 Rxc7 48. Bb4 Rcg7 49. g3 d3 50. Bd2 Rg6 51. Qe3 Bg7 52. h4 Rf6 53. h5 h6 54. Bc3 Rf7 55. Qxh6# 1-0

[Event "Late-Titled-Tuesday-Blitz-January-23-2024"]
[Site "Chess.com"]
[Date "2024.01.23"]
[Round "1"]
[White "maximnovik"]
[Black "gomeschess02"]
[Result "1-0"]
[WhiteElo "2578"]
[BlackElo "2219"]
[TimeControl "180+1"]
[EndTime "14:07:35 PST"]
[Termination "maximnovik won by resignation"]

1. e4 c5 2. Nf3 Nc6 3. Bb5 e6 4.
O-O Nge7 5. c3 a6 6. Ba4 b5 7. Bc2 d5 8. e5 Ng6 9. Re1 Be7 10. a3 d4 11. cxd4 cxd4 12. Be4 Bb7 13. d3 Qc7 14. Nbd2 Rb8 15. Nb3 Ncxe5 16. Bxb7 Rxb7 17. Nxe5 Nxe5 18. Bf4 Bd6 19. Rc1 Qb8 20. Bxe5 Bxe5 21. Rxe5 Qxe5 22. Rc8+ Ke7 23. Rxh8 Rc7 24. g3 Qf5 25.
Nxd4 Qe5 26. Ne2 Qxb2 27. Rxh7 Qxa3 28. Qd2 Qa1+ 29. Kg2 Qf6 30. Qb4+ Kd7 31. Qd4+ Qxd4 32. Nxd4 b4 33. Rxg7 Ke7 34. Rg8 Rb7 35. Ra8 b3 36. Nxb3 Rxb3 37. Ra7+ Kf6 38. d4 Rd3 39. Rxa6 Rxd4 40.
h4 Kg6 41. Ra8 Re4 42. Rg8+ Kf6 43. g4 Rf4 44. Kg3 Rc4 45. g5+ Kf5 46. f3 Rb4 47. h5 e5 48. h6 e4 49. h7 1-0

[Event "Late-Titled-Tuesday-Blitz-January-23-2024"]
[Site "Chess.com"]
[Date "2024.01.23"]
[Round "1"]
[White "SanchezKelvin"]
[Black "LyonBeast"]
[Result "0-1"]
[WhiteElo "2544"]
[BlackElo "3167"]
[TimeControl "180+1"]
[EndTime "14:07:38 PST"]
[Termination "LyonBeast won by resignation"]

1. e4 c6 2. d4 d5 3. e5 Bf5 4. Nc3 e6 5. g4 Bg6 6. Nge2 c5 7. h4 h6 8. Be3 Nc6 9. f4 c4 10. a3 h5 11. f5 exf5 12. g5 Nge7 13. Nf4 f6 14. gxf6 gxf6 15. exf6 Bf7 16. fxe7 Nxe7 17.
Qf3 Qa5 18. Bd2 Qb6 19. O-O-O O-O-O 20. Bh3 Bg7 21. Be3 Bf6 22. Nfe2 Be6 23. Nf4 Bf7 24. Bg2 Rhg8 25. Rd2 Rg4 26. Bh3 Re8 27. Bf2 Qd6 28.
Nb5 Qxf4 29. Qxf4 Rxf4 30. Nd6+ Kd7 31. Nxf7 Ng6 32. Ne5+ Bxe5 33. dxe5 Ke6 34. Rg1 Nxe5 35. Be3 Rf3 36. Bd4 Rxh3 37. Re1 Kd6 38. Rde2 Nf3 39. Rxe8 Nxd4 40. Rd8+ Kc5 41. Rc8+ Nc6 42. Rf8 Rxh4 43. Rxf5 Rh2 44. c3 h4 45. Rd1 Ne7 46. Rf7 Re2 47. Rh7 Re4 48. Rh5 b5 49. Rh1 Ng6 50.
Rd1 Nf4 51. Rh7 h3 52. Rh1 Nd3+ 53. Kb1 Re2 54. R1xh3 Rxb2+ 55. Ka1 Rb3 56. Ka2 Rxc3 57. R3h5 Rc2+ 58. Ka1 Re2 59. Rd7 Nf4 60. Rf5 Re4 61. Rdf7 Ne2 62. Rd7 Nc3 63. Kb2 Kd4 64. Rf2 Nd1+ 0-1

[Event "Late-Titled-Tuesday-Blitz-January-23-2024"]
[Site "Chess.com"]
[Date "2024.01.23"]
[Round "1"]
[White "tgpgoat"]
[Black "Rikikits"]
[Result "0-1"]
[WhiteElo "2454"]
[BlackElo "2825"]
[TimeControl "180+1"]
[EndTime "14:07:39 PST"]
[Termination "Rikikits won by resignation"]

1. Nf3 d5 2. g3 c6 3. Bg2 Bg4 4. O-O Nd7 5. d4 Ngf6 6. Bf4 e6 7. b3 h6 8. c4 Be7 9. Nc3 O-O 10. Rc1 Ba3 11. Rc2 Bf5 12. Rd2 Bb4 13. Rd3 Qa5 14. Na4 b5 15. cxb5 cxb5 16. Nc5 Nxc5 17. dxc5 Qxa2 18.
Bd6 Rfc8 19. Nd4 Bxd3 20. Qxd3 Bxc5 21. Nxb5 Bxd6 22. Nxd6 Rc6 23. e4 Qc2 24. Qd4 Qc3 25.
Nb5 Qxd4 26. Nxd4 Rb6 27. exd5 Nxd5 28. Bxd5 exd5 29. Rd1 a5 30. Rd3 g6 31. Ne2 Rb5 32. Nd4 Rc5 33. Kg2 Rb8 34. Nf3 Rb4 35.
h4 h5 36. Nd4 Kg7 37. f4 Kf6 38. Nf3 Rcb5 39. Nd4 Rb6 40. Nf3 Rxb3 41. Rxd5 a4 42. Ne5 Ra6 43. Rd7 a3 44. Rxf7+ Ke6 45. Rg7 Kd5 46. Rd7+ Ke4 47. Nc4 Rb4 48. Re7+ Kd4 49. Ne3 Kd3 50. Kf3 a2 51. Rd7+ Rd4 52. Rxd4+ Kxd4 53. Nc2+ Kc3 54. Na1 Kb2 0-1

[Event "Late-Titled-Tuesday-Blitz-January-23-2024"]
[Site "Chess.com"]
[Date "2024.01.23"]
[Round "1"]
[White "pr1105"]
[Black "biostatistician"]
[Result "1-0"]
[WhiteElo "2298"]
[BlackElo "2585"]
[TimeControl "180+1"]
[EndTime "14:07:39 PST"]
[Termination "pr1105 won by checkmate"]

1. e4 e5 2. Nf3 Nc6 3. Bc4 Bc5 4.
d3 Nf6 5. O-O d6 6. c3 a6 7. a4 Ba7 8. Nbd2 O-O 9. Re1 Kh8 10. h3 Be6 11. Bxe6 fxe6 12. Nf1 Nh5 13. d4 Qf6 14. Be3 Nf4 15. N1h2 Qg6 16. Bxf4 Rxf4 17. Qb3 Raf8 18. Qxb7 Qe8 19. Rad1 exd4 20. cxd4 e5 21. Rc1 Nxd4 22. Qxa7 Rxf3 23. Nxf3 Rxf3 24. gxf3 c5 25. Red1 h6 26. Rxd4 exd4 27. Kf1 Qh5 28. Qb8+ Kh7 29. Qc8 g6 30. Qg4 Qe5 31. b4 d3 32. Qd7+ Kh8 33.
bxc5 d2 34. Rd1 Qxc5 35. Rxd2 Qc1+ 36. Ke2 Qc4+ 37. Rd3 Qc2+ 38. Ke3 Qc1+ 39. Ke2 Qc2+ 40. Rd2 Qc4+ 41. Kd1 Qf1+ 42. Kc2 Qc4+ 43. Kb1 Qb3+ 44. Kc1 Qc3+ 45. Rc2 Qe1+ 46. Kb2 Qb4+ 47. Ka1 Qa3+ 48. Kb1 Qb3+ 49. Rb2 Qd3+ 50. Ka1 Qf1+ 51. Rb1 Qd3 52. Rb8# 1-0

[Event "Late-Titled-Tuesday-Blitz-January-23-2024"]
[Site "Chess.com"]
[Date "2024.01.23"]
[Round "1"]
[White "rionelG"]
[Black "ArmanGhevondyanchess"]
[Result "1/2-1/2"]
[WhiteElo "2272"]
[BlackElo "2588"]
[TimeControl "180+1"]
[EndTime "14:07:40 PST"]
[Termination "Game drawn by repetition"]

1. e4 c5 2. Nf3 Nc6 3. d4 cxd4 4.
Nxd4 g6 5. Nc3 Bg7 6. Be3 Nf6 7. Be2 O-O 8. f4 d5 9. e5 Ne4 10. Nxc6 bxc6 11. Nxe4 dxe4 12. Qxd8 Rxd8 13. O-O f6 14. Bc4+ Kf8 15. exf6 Bxf6 16. c3 Rb8 17.
Bb3 a5 18. Rad1 Ba6 19. Rxd8+ Rxd8 20. Rd1 Rb8 21. Ba7 Ra8 22. Bc5 Bd3 23. Rd2 a4 24.
Bc2 Bxc2 25. Rxc2 Ra5 26. Be3 Kf7 27. Kf2 e5 28. fxe5 Bxe5 29. Re2 Ke6 30. Rd2 Rb5 31. Rc2 c5 32. c4 Rxb2 33. Rxb2 Bxb2 34. Bxc5 Ke5 35. Be3 h5 36. Ke2 Bc3 37. h3 Bd4 38. g4 hxg4 39. hxg4 Bc3 40. Kf2 Kd6 41. Kg3 Be5+ 42.
Kf2 Kc6 43. Ke2 Bd6 44. Bd4 Bf4 45. Bg1 Kd6 46. Bd4 Kc6 47. Bg1 Kd6 48. Bd4 Kc6 1/2-1/2

[Event "Late-Titled-Tuesday-Blitz-January-23-2024"]
[Site "Chess.com"]
[Date "2024.01.23"]
[Round "1"]
[White "miraitrunks"]
[Black "HajiyevKanan"]
[Result "0-1"]
[WhiteElo "2075"]
[BlackElo "2552"]
[TimeControl "180+1"]
[EndTime "14:07:40 PST"]
[Termination "HajiyevKanan won by resignation"]

1. e4 c6 2. d4 d5 3. exd5 cxd5 4. Bd3 Nc6 5. c3 Qc7 6. Ne2 Nf6 7. Bf4 Qb6 8. Qc2 Bg4 9. O-O e6 10. h3 Bh5 11. Ng3 Bg6 12. Bxg6 hxg6 13. Re1 Be7 14.
Nd2 Rc8 15. Qb3 Qxb3 16. Nxb3 Kd7 17. Re2 b6 18. Rae1 a5 19. Be5 a4 20. Nc1 a3 21.
b3 Nxe5 22. dxe5 Nh5 23. Re3 Bg5 24. Rd3 Ke7 25. Nxh5 Rxh5 26. Ne2 Rhh8 27. Red1 Rc5 28. f4 Bh6 29. c4 Rd8 30. Nc3 Bxf4 31. cxd5 Bxe5 32.
Na4 Rc2 33. Nxb6 Rxa2 34. d6+ Ke8 35. Nc8 Rb2 36. Ne7 Bxd6 37. Nc6 Bc5+ 38. Kh1 Rxd3 39. Rxd3 f6 40. Rd8+ Kf7 41. Rd7+ Kg8 42. Rd8+ Kh7 43. Rc8 Bd6 44. Kg1 a2 0-1

[Event "Late-Titled-Tuesday-Blitz-January-23-2024"]
[Site "Chess.com"]
[Date "2024.01.23"]
[Round "1"]
[White "GMG"]
[Black "Noki102"]
[Result "1-0"]
[WhiteElo "2788"]
[BlackElo "2441"]
[TimeControl "180+1"]
[EndTime "14:07:41 PST"]
[Termination "GMG won on time"]

1. Nf3 d5 2. g3 Bg4 3. Bg2 e6 4. h3 Bxf3 5. Bxf3 Nd7 6. d4 Bd6 7. c4 c6 8. Qb3 Rb8 9. Nc3 Ne7 10. e4 O-O 11. exd5 exd5 12. cxd5 Nf5 13. Ne2 cxd5 14. Qxd5 Bb4+ 15. Kf1 g6 16. Bf4 Rc8 17. Qxb7 Bd6 18.
Bxd6 Nxd6 19. Qxa7 Rc2 20. Kg2 Rxb2 21. Qa3 Qb8 22.
Rhc1 Re8 23. Qd3 Nf5 24. Rab1 Nf6 25. Rxb2 Qxb2 26. Rc2 Qa1 27. Qc3 Qb1 28. Rb2 Qa1 29. d5 Kg7 30. Qc1 Qxc1 31. Nxc1 Nd4 32. Rd2 Nf5 33.
Nb3 Rd8 34. a4 Nd6 35. a5 Nd7 36. Rc2 Ra8 37. Rc6 Nb5 38. d6 Ra7 39. Be2 Ne5 40. Bxb5 Nxc6 41. Bxc6 Kf6 42. d7 Ke7 43. Bb5 f5 44. a6 Ra8 45. Nd4 Kd6 46. a7 Kc5 47. d8=Q 1-0

[Event "Late-Titled-Tuesday-Blitz-January-23-2024"]
[Site "Chess.com"]
[Date "2024.01.23"]
[Round "1"]
[White "alexrustemov"]
[Black "TheoSlade"]
[Result "1-0"]
[WhiteElo "2867"]
[BlackElo "2470"]
[TimeControl "180+1"]
[EndTime "14:07:43 PST"]
[Termination "alexrustemov won by resignation"]

1. d4 d5 2. c4 e6 3. Nc3 a6 4.
cxd5 exd5 5. Nf3 c6 6. Bf4 Bd6 7. Bxd6 Qxd6 8. e3 Ne7 9. Be2 O-O 10. O-O Bf5 11. Qd2 Nd7 12. Rfc1 Nf6 13. h3 Ng6 14.
Bd3 Bxd3 15. Qxd3 Rae8 16. Rab1 Ne4 17. Ne2 f5 18. g3 Ne7 19. Ne5 g5 20. f3 Nf6 21.
Kg2 Ng6 22. f4 Ne4 23. Rg1 Re7 24. Nc3 Rg7 25. Kh2 Kh8 26. Rbf1 Rfg8 27. Nxe4 fxe4 28. Qe2 gxf4 29. Nxg6+ Qxg6 30. Rxf4 Rf7 31. Rxf7 Qxf7 32. Rf1 Qg7 33. Qf2 h6 34. g4 Qc7+ 35. Kg2 Qg7 36.
Kg3 Kh7 37. Qf5+ Qg6 38. b4 Qxf5 39. Rxf5 Kg6 40. h4 a5 41. h5+ Kg7 42. b5 Rc8 43. b6 Ra8 44. Kf4 Ra6 45. g5 hxg5+ 46. Kxg5 Rxb6 47. h6+ Kg8 48. Kg6 c5+ 49. Kg5 cxd4 50.
exd4 Rd6 51. a4 b5 52. axb5 a4 53. Re5 a3 54. Re8+ Kf7 55. Ra8 Rb6 56. h7 Rg6+ 57.
Kf4 Rh6 58. h8=Q Rxh8 59. Rxh8 e3 60. Kxe3 a2 61. Ra8 a1=Q 62. Rxa1 1-0

[Event "Late-Titled-Tuesday-Blitz-January-23-2024"]
[Site "Chess.com"]
[Date "2024.01.23"]
[Round "1"]
[White "Flameboard08"]
[Black "Ze-Pequeno"]
[Result "0-1"]
[WhiteElo "2552"]
[BlackElo "2186"]
[TimeControl "180+1"]
[EndTime "14:07:43 PST"]
[Termination "Ze-Pequeno won by resignation"]

1. f4 d5 2. Nf3 g6 3. d3 Bg7 4.
Nbd2 d4 5. g3 Nh6 6. e4 dxe3 7.
Nc4 Nf5 8. c3 b6 9. Nxe3 Nxe3 10.
Bxe3 Bb7 11. Bg2 c5 12. O-O O-O 13. Qe2 e6 14. h4 Nd7 15. h5 Nf6 16. hxg6 hxg6 17.
Ng5 Bxg2 18. Kxg2 Qd5+ 19. Kg1 Rfd8 20. Rfd1 e5 21. c4 Qd6 22. Ne4 Qe7 23. Nxf6+ Qxf6 24.
Rab1 exf4 25. Bxf4 Re8 26. Qg2 Rad8 27. Rd2 Qf5 28. Rf1 Bd4+ 29. Kh2 Qh5+ 30. Qh3 Re2+ 31. Rxe2 Qxe2+ 32. Qg2 Qxd3 33. Re1 Bf6 34. b3 Qf5 35. Re2 Kg7 36. Be3 Rh8+ 37. Kg1 Qb1+ 38. Kf2 Rh5 39. g4 Bh4+ 40. Kf3 Rh8 41. Bf4 Bf6 42. g5 Bd4 43. Qg3 Qf5 44. Re4 Rh3 0-1

[Event "Late-Titled-Tuesday-Blitz-January-23-2024"]
[Site "Chess.com"]
[Date "2024.01.23"]
[Round "1"]
[White "GMBenjaminBok"]
[Black "ErikRonka"]
[Result "1-0"]
[WhiteElo "2895"]
[BlackElo "2485"]
[TimeControl "180+1"]
[EndTime "14:07:44 PST"]
[Termination "GMBenjaminBok won on time"]

1. d4 d5 2. c4 c6 3. Nf3 Nf6 4. cxd5 cxd5 5. Nc3 Nc6 6. Bf4 a6 7. Rc1 Bf5 8. e3 e6 9. Qb3 Ra7 10. Be2 Be7 11. h3 h6 12. O-O O-O 13. Na4 Ne8 14. Nc5 Na5 15. Qc3 Nd6 16. Ne5 Ne4 17. Nxe4 Bxe4 18. Nxf7 Rxf7 19. Bc7 Qf8 20. Bxa5 Bd6 21. f3 Bg6 22. Qc8 Kh7 23. Qxf8 Rxf8 24. Bc7 Be7 25. Be5 b5 26. Rc6 Bf7 27. Rfc1 Rfa8 28. Bd3+ Kg8 29. Rc8+ Bf8 30. Kf2 Be8 31. R1c7 Rxc7 32.
Rxc7 a5 33. h4 b4 34. g4 a4 35. g5 hxg5 36. hxg5 a3 37. b3 Ba4 38. bxa4 Rxa4 39.
Bc2 b3 40. Bxb3 Rb4 41. Ra7 Rb6 42. g6 Bb4 43. Ra8+ Bf8 44. e4 Rb7 45. exd5 Re7 46. dxe6 1-0

[Event "Late-Titled-Tuesday-Blitz-January-23-2024"]
[Site "Chess.com"]
[Date "2024.01.23"]
[Round "1"]
[White "grzechu96"]
[Black "Piotrek1979"]
[Result "1-0"]
[WhiteElo "2695"]
[BlackElo "2387"]
[TimeControl "180+1"]
[EndTime "14:07:46 PST"]
[Termination "grzechu96 won by resignation"]

1. e4 c5 2. Nf3 Nc6 3. Bb5 g6 4. Bxc6 bxc6 5. d4 cxd4 6. Qxd4 Nf6 7. e5 Nd5 8. O-O Bg7 9. c4 Nc7 10. Qh4 h6 11. Nc3 Ne6 12. Be3 Qc7 13. Qg3 Rb8 14.
b3 g5 15. Rac1 Rg8 16. Rfe1 f5 17. exf6 Qxg3 18. hxg3 Bxf6 19. Ne4 Bg7 20. Nc5 Nc7 21. Bd4 d6 22. Ne4 c5 23. Nxd6+ Kd7 24. Bxg7 exd6 25. Bxh6 Ne6 26. Rcd1 Bb7 27. Rxe6 Kxe6 28. Nxg5+ Kf5 29. Nh3 Rbd8 30. Bf4 Ke6 31. f3 d5 32. Re1+ Kd7 33.
cxd5 Rde8 34. Rd1 Re2 35. g4 a5 36. a4 c4 37. bxc4 Rc8 38. Rc1 Ba6 39. c5 Rb2 40. c6+ Ke8 41. d6 Rd8 42. d7+ Rxd7 43. cxd7+ Kxd7 44. Be5 Ke6 45. Bxb2 Kd5 46. Rd1+ Kc4 47. Nf4 1-0

[Event "Late-Titled-Tuesday-Blitz-January-23-2024"]
[Site "Chess.com"]
[Date "2024.01.23"]
[Round "1"]
[White "RaugintaBulba"]
[Black "KNVB"]
[Result "0-1"]
[WhiteElo "2426"]
[BlackElo "2747"]
[TimeControl "180+1"]
[EndTime "14:07:47 PST"]
[Termination "KNVB won on time"]

1. d4 Nf6 2. c4 e6 3. Nf3 b6 4.
a3 Bb7 5. Nc3 Ne4 6. Nxe4 Bxe4 7. e3 g6 8. Bd3 Bb7 9. O-O Bg7 10. b4 O-O 11. Bb2 d6 12. Qe2 Nd7 13. Rfd1 a5 14.
e4 Qe7 15. Re1 h6 16. h3 Rfe8 17. Qc2 Qf8 18. d5 Bxb2 19. Qxb2 e5 20. Rec1 Ba6 21.
Qc3 f5 22. bxa5 Nc5 23. Nd2 bxa5 24. Bf1 Bc8 25. f3 Bd7 26. Nb3 fxe4 27. Nxc5 dxc5 28. fxe4 Qd6 29. Rcb1 Kg7 30. Rb7 Bc8 31. Rb5 a4 32.
Qe3 Bd7 33. Rb7 Rf8 34. Rab1 Rf7 35. Rb8 Rxb8 36. Rxb8 Rf8 37. Rb7 Rf7 38. Qc3 g5 39. Qa5 Be8 40. Rb5 g4 41. Rxc5 gxh3 42. gxh3 Qg6+ 43. Bg2 Bd7 44. Qc3 Qb6 45. Qe3 Rf6 46. Kh2 Rg6 0-1

[Event "Late-Titled-Tuesday-Blitz-January-23-2024"]
[Site "Chess.com"]
[Date "2024.01.23"]
[Round "1"]
[White "Fh2411"]
[Black "ferdipy"]
[Result "1-0"]
[WhiteElo "2616"]
[BlackElo "2303"]
[TimeControl "180+1"]
[EndTime "14:07:47 PST"]
[Termination "Fh2411 won by resignation"]

1. d4 e5 2. dxe5 d6 3. Nf3 Nc6 4. Bg5 Qd7 5. exd6 Bxd6 6. c3 Qf5 7. Nbd2 Be6 8. e4 Qg6 9. Bh4 Nf6 10. Qc2 O-O-O 11.
Bg3 Bxg3 12. hxg3 Rhe8 13. Bd3 Ng4 14. Bb5 Bd7 15. O-O Qh5 16. Be2 Nce5 17. Rfd1 Bc6 18. Nf1 Qg6 19. Nxe5 Nxe5 20. f3 h5 21. Rxd8+ Rxd8 22. Rd1 Rh8 23. b4 b6 24. Qd2 h4 25. Ba6+ Bb7 26.
Bxb7+ Kxb7 27. Qd5+ Nc6 28. b5 hxg3 29. Qxc6+ Qxc6 30. bxc6+ Kxc6 31. Nxg3 Rh6 32. Kf2 a5 33. Ne2 Kb5 34.
Ke3 Rc6 35. Nd4+ Kc5 36. Nxc6 Kxc6 37. g4 f6 38. Rd8 g5 39. Rf8 Kc5 40. Rxf6 c6 41.
Kd2 b5 42. Rf5+ Kc4 43. Kc2 c5 44. Rxg5 b4 45. cxb4 axb4 46. Rd5 b3+ 47. axb3+ Kb4 48. g5 c4 49. bxc4 Kxc4 50. g6 1-0

[Event "Late-Titled-Tuesday-Blitz-January-23-2024"]
[Site "Chess.com"]
[Date "2024.01.23"]
[Round "1"]
[White "Angry_Twin"]
[Black "Sjakkerntobi"]
[Result "1-0"]
[WhiteElo "3002"]
[BlackElo "2511"]
[TimeControl "180+1"]
[EndTime "14:07:48 PST"]
[Termination "Angry_Twin won by resignation"]

1. e4 e6 2. d4 d5 3. Nd2 a6 4.
Ngf3 Nf6 5. e5 Nfd7 6. Bd3 c5 7. c3 Nc6 8. O-O g5 9. dxc5 g4 10. Nd4 Ncxe5 11. Be2 h5 12. b4 Bg7 13. f4 Nc6 14. N2b3 Nf6 15. Be3 Ne4 16. Qc2 e5 17. Nxc6 bxc6 18.
fxe5 Bxe5 19. Bd4 Bxh2+ 20. Kxh2 Qh4+ 21. Kg1 g3 22. Rf3 Qh2+ 23. Kf1 Bh3 24. Ke1 Bxg2 25. Rf4 Qh1+ 26. Bf1 Bxf1 27. Rxf1 g2 28. Rg1 Rg8 29. Qe2 Qh4+ 30. Kd1 Kd7 31. Kc2 Qg4 32. Rae1 h4 33. Nd2 h3 34. Nf3 Qf5 35. Kb2 Rg3 36. Ne5+ Kc7 37. Nd3 Kb7 38. Be5 Rg6 39. Bh2 Re8 40. Qe3 Rf6 41. Qf4 Qxf4 42. Nxf4 Rh8 43. Re3 Nf2 44. Nxh3 Nxh3 45. Rxg2 Nf4 46. Re7+ Kc8 47.
Rd2 Ne6 48. Ra7 Kd8 49. Ra8+ 1-0

[Event "Late-Titled-Tuesday-Blitz-January-23-2024"]
[Site "Chess.com"]
[Date "2024.01.23"]
[Round "1"]
[White "CaspiIsrael"]
[Black "KorolDimitriy75"]
[Result "1-0"]
[WhiteElo "2667"]
[BlackElo "2358"]
[TimeControl "180+1"]
[EndTime "14:07:48 PST"]
[Termination "CaspiIsrael won on time"]

1. e4 c5 2. Nf3 d6 3. Bb5+ Nd7 4. a4 Nf6 5. Nc3 g6 6. O-O Bg7 7. Re1 O-O 8. Bf1 Nb8 9. d4 cxd4 10. Nxd4 Nc6 11. h3 Nxd4 12. Qxd4 Be6 13. Qb4 Rb8 14.
Be3 b6 15. Rad1 Nd7 16. Nd5 Bxd5 17. Rxd5 Qc7 18. c3 Rfc8 19. f3 Ne5 20. Ba6 Rd8 21. h4 Nc6 22. Qc4 Qd7 23. h5 Na5 24. Qa2 Qc7 25. Red1 Nc6 26. Qc4 Qd7 27. Bb5 Rdc8 28.
Bf4 Qb7 29. Ba6 Na5 30. Qf1 Qc6 31. Bxc8 Rxc8 32. h6 Bf8 33. Qb5 Qb7 34. Qd3 Nb3 35. Be3 Nc5 36. Qc2 Qa6 37. b3 Ne6 38. c4 Qb7 39. g4 Qb8 40. g5 Nc5 41. f4 Qb7 42. Bxc5 bxc5 43. f5 Rb8 44. Rb1 Qd7 45. Qf2 e6 46. fxe6 fxe6 47. Rd3 Be7 48. Qg3 Qc6 49. Qg4 Qd7 50. Rf1 Rf8 51. Rxf8+ Bxf8 52. e5 Qd8 53. Qxe6+ Kh8 54. Qf6+ Qxf6 55. exf6 Kg8 56. Re3 Kf7 57.
Kf2 a6 58. Ke2 a5 59. Kd3 Kg8 60. Ke4 Kf7 61. Kd5 Kg8 62. Ke6 Kh8 63. Kf7 d5 64.
Re8 1-0

[Event "Late-Titled-Tuesday-Blitz-January-23-2024"]
[Site "Chess.com"]
[Date "2024.01.23"]
[Round "1"]
[White "OparinGrigoriy"]
[Black "FREZZY23"]
[Result "1-0"]
[WhiteElo "3013"]
[BlackElo "2515"]
[TimeControl "180+1"]
[EndTime "14:07:52 PST"]
[Termination "OparinGrigoriy won by resignation"]

1. Nc3 Nf6 2. e4 e5 3. Bc4 Bc5 4. d3 Nc6 5. f4 d6 6. Nf3 Bg4 7.
Na4 Bb4+ 8. c3 Ba5 9. b4 Bb6 10.
h3 Be6 11. Bxe6 fxe6 12. fxe5 Nxe5 13. Nxe5 dxe5 14. Nxb6 axb6 15. O-O Qd6 16. Rf3 O-O 17. Qe2 b5 18. Bg5 c5 19. Bxf6 Rxf6 20. Rxf6 gxf6 21. Rf1 Rf8 22. a3 f5 23. Kh1 f4 24. g3 fxg3 25.
Rf3 Rxf3 26. Qxf3 cxb4 27. Qxg3+ Kf8 28. axb4 Qc7 29. Qf2+ Ke7 30. Qh4+ Kd6 31. Qf6 b6 32. Kg2 Qd7 33. Kf3 Kc6 34. Ke3 Kd6 35. h4 Qc7 36. h5 Qc8 37. h6 Qc7 38. Qg7 Qxc3 39. Qf8+ Kc7 40. Qe7+ Kb8 41. Qd6+ Ka7 42. Kf3 Qd2 43. Qxe5 Qxd3+ 44. Kg4 Qe2+ 45. Kg5 Qd2+ 46. Qf4 Qxb4 47. Qf7+ Ka6 48. Qxh7 Qd2+ 49. Kf6 b4 50. Qg8 b3 51. h7 Qf4+ 52. Ke7 Qc7+ 53. Kxe6 Qc4+ 54. Kf5 Qf1+ 55. Ke5 b2 56. Qa8+ Kb5 57. Qd5+ Ka6 58. h8=Q 1-0

[Event "Late-Titled-Tuesday-Blitz-January-23-2024"]
[Site "Chess.com"]
[Date "2024.01.23"]
[Round "1"]
[White "Bigfish1995"]
[Black "Perecke"]
[Result "1-0"]
[WhiteElo "3143"]
[BlackElo "2541"]
[TimeControl "180+1"]
[EndTime "14:07:53 PST"]
[Termination "Bigfish1995 won by resignation"]

1. e4 e5 2. Nf3 Nc6 3. Bb5 a6 4. Ba4 Nf6 5. O-O Be7 6. Bxc6 dxc6 7. Re1 Bg4 8. h3 Bxf3 9. Qxf3 O-O 10. d3 Nd7 11. Qg4 Nc5 12. Nd2 Ne6 13. Nf3 Qd6 14. Be3 c5 15. c3 Rfd8 16. Rad1 Bf6 17. h4 g6 18. h5 Qb6 19. Rd2 Rd7 20. Red1 Rad8 21.
b4 Qb5 22. a4 Qxa4 23. bxc5 Qb5 24. d4 Qb3 25. d5 Nf4 26. Bxf4 exf4 27. e5 Bg7 28.
hxg6 hxg6 29. e6 Rxd5 30. e7 Qxd1+ 31. Rxd1 Rxd1+ 32. Kh2 Re8 33. Qh4 f6 34. c6 bxc6 35. Qxf4 Rxe7 36. Qc4+ Rf7 37. Qxa6 Rd6 38. Nd4 Kh7 39.
Qc4 Re7 40. Nxc6 Ree6 41. Nd4 Re7 42. Qc5 f5 43. Nb5 Re5 44. Qxc7 Rdd5 45. Nd4 Re4 46.
g3 f4 47. gxf4 Rh5+ 48. Kg3 Re1 49. Nf3 Rc1 50. c4 Rc3 51. Kg4 Ra5 52. Ng5+ Kh6 53. Ne6 Bf6 54. Qxa5 1-0

[Event "Late-Titled-Tuesday-Blitz-January-23-2024"]
[Site "Chess.com"]
[Date "2024.01.23"]
[Round "1"]
[White "Franmu14"]
[Black "PapaieDudu"]
[Result "0-1"]
[WhiteElo "2714"]
[BlackElo "2425"]
[TimeControl "180+1"]
[EndTime "14:07:53 PST"]
[Termination "PapaieDudu won by resignation"]

1. e4 c5 2. Nc3 a6 3. d4 cxd4 4.
Qxd4 Nc6 5. Qe3 d6 6. b3 Nf6 7. Bb2 e5 8. O-O-O Be7 9. Kb1 O-O 10. h3 b5 11. Nge2 Bb7 12. g4 Qa5 13. f4 b4 14. Nd5 Nxd5 15. exd5 exf4 16. Nxf4 Ne5 17. Bg2 Rfe8 18. Nh5 Rac8 19. Be4 Rc3 20. Bxc3 bxc3 21. Qc1 Nc4 22. h4 Nd2+ 23. Rxd2 cxd2 24. Qf1 g6 25. Qf3 Rc8 26. Rf1 d1=Q+ 27. Rxd1 gxh5 28. Rf1 f6 29. gxh5 Kf8 30. Qf4 Bxd5 31. Qh6+ Ke8 32. Qxh7 Be6 33.
Bd3 Qe5 34. Qg6+ Kd7 35. h6 f5 36. h7 Bf6 37. c3 Qxc3 38. Qxf6 Qxf6 39. Rd1 Rh8 40. Bb5+ Ke7 41. Bc4 Rxh7 42. Re1 Qe5 43. Rxe5 dxe5 44. Bxa6 Rxh4 45. Bd3 Rf4 46. Kc2 Kf6 47.
Bb5 e4 48. a4 Ke5 49. a5 Kd4 50. a6 Bd5 51. Bc4 Rf2+ 52. Kd1 Bxc4 53. a7 Ra2 0-1

[Event "Late-Titled-Tuesday-Blitz-January-23-2024"]
[Site "Chess.com"]
[Date "2024.01.23"]
[Round "1"]
[White "underthebridge1999"]
[Black "AradNazari"]
[Result "1-0"]
[WhiteElo "2367"]
[BlackElo "2609"]
[TimeControl "180+1"]
[EndTime "14:07:53 PST"]
[Termination "underthebridge1999 won by resignation"]

1. e4 a6 2. d4 d6 3. Nc3 Nf6 4. Bc4 Nc6 5. Nf3 b5 6. Bb3 Na5 7. e5 dxe5 8. Nxe5 Nxb3 9. axb3 Bb7 10. O-O e6 11. Bg5 Be7 12. Qe2 O-O 13. Rad1 h6 14.
Bh4 Nd5 15. Bxe7 Qxe7 16. Nxd5 Bxd5 17. c4 Bb7 18. f4 Qb4 19. c5 Bd5 20. Rd3 f6 21. Ng6 Rf7 22. Qe3 a5 23. h4 a4 24.
Re1 axb3 25. h5 f5 26. Rc3 Rd8 27. Ra1 Kh7 28. Ne5 Rf6 29. Nd3 Qa4 30. Rxa4 bxa4 31. Qe5 Rf7 32. Nb4 a3 33. bxa3 b2 34. Qe1 Be4 35. Rb3 b1=Q 36. Rxb1 Bxb1 37. Nc6 Ra8 38. Qxb1 Rxa3 39. Qe1 Ra6 40. Qxe6 Rf6 41. Qe7 Rfxc6 42.
d5 Ra1+ 43. Kh2 Rca6 44. Qxc7 Rd1 45. d6 Raa1 46. Qf7 Rh1+ 47. Kg3 Ra3+ 48. Kf2 Rc1 49.
Qxf5+ Kh8 50. d7 Ra2+ 51. Kg3 Rd1 52. Qf8+ Kh7 53. d8=Q Ra3+ 54. Kh2 Rxd8 1-0